 Dungeon Crawl Stone Soup version 0.28.0-53-g5a82cb258f (webtiles) character file.

Game seed: 9190990107862474016

52 Stomo the Skirmisher (level 3, -2/33 HPs)
             Began as a Draconian Monk on July 13, 2022.
             Slain by a gnoll
             ... wielding a +0 halberd
              (9 damage)
             ... on level 3 of the Dungeon.
             The game lasted 00:02:08 (2752 turns).

Stomo the Skirmisher (Draconian Monk)               Turns: 2752, Time: 00:02:08

Health: -2/33      AC:  5    Str: 15    XL:     3   Next: 60%
Magic:  12/12      EV: 13    Int: 10    God:
Gold:   71         SH:  0    Dex: 13    Spells: 2/2 levels left

rFire   . . .      SeeInvis .   a - +0 mace
rCold   . . .      Faith    .   (no shield)
rNeg    . . .      Spirit   .   (armour unavailable)
rPois   .          Reflect  .   (helmet restricted)
rElec   .          Harm     .   (no cloak)
rCorr   .          Rampage  .   (no gloves)
Will    .....                   (no boots)
Stlth   ++........              (no amulet)
HPRegen 0.11/turn               g - ring of magical power
MPRegen 0.13/turn               (no ring)

@: no status effects
A: AC +5, unfitting armour, cold-blooded
a: no special abilities


You were on level 3 of the Dungeon.
You visited 1 branch of the dungeon, and saw 3 of its levels.

You collected 71 gold pieces.

Inventory:

Hand Weapons
 a - a +0 mace (weapon)
Jewellery
 g - a ring of magical power (left hand)
Scrolls
 c - a scroll of fear
 d - 2 scrolls of identify
 i - 2 scrolls of torment
Potions
 f - a potion of might
 h - a potion of mutation {unknown}


   Skills:
 + Level 4.0 Fighting
 + Level 3.6 Maces & Flails
 + Level 3.2 Dodging
 - Level 1.7 Stealth


You had 2 spell levels left.
You didn't know any spells.
Your spell library was empty.

Dungeon Overview and Level Annotations

Branches:
Dungeon (3/15)

Altars:
Beogh


Innate Abilities, Weirdness & Mutations

Your plain brown scales are hard. (AC +5)
You cannot fit into any form of body armour.
You are cold-blooded and may be slowed by cold attacks.


Message History

The gnoll is severely wounded.
The gnoll barely misses you. The gnoll hits you with a +0 halberd.
You barely miss the gnoll.
The gnoll is severely wounded.
The gnoll hits you but does no damage.
The gnoll hits you from afar with a +0 halberd.
* * * LOW HITPOINT WARNING * * *
There is a stone staircase leading up, spattered with blood here.
The gnoll misses you. The gnoll misses you.
There is a stone staircase leading up, spattered with blood here.
The gnoll closely misses you.
You climb upwards.
There is a stone staircase leading down here.
HP restored.
Done exploring.
You can't go up here!
You climb downwards.
There is a stone staircase leading up, spattered with blood here.
The gnoll hits you with a +0 halberd!
You hit the gnoll but do no damage. The gnoll barely misses you.
You closely miss the gnoll. The gnoll closely misses you.
You barely miss the gnoll. The gnoll barely misses you.
The gnoll closely misses you.
You hit the gnoll.
Your tail-slap misses the gnoll.
The gnoll is heavily wounded.
The gnoll closely misses you.
You barely miss the gnoll.
The gnoll is heavily wounded.
The gnoll barely misses you.
You closely miss the gnoll.
The gnoll is heavily wounded.
The gnoll hits you with a +0 halberd.
You closely miss the gnoll. You tail-slap the gnoll.
You punch the gnoll, but do no damage.
The gnoll is severely wounded.
The gnoll hits you with a +0 halberd!
* * * LOW HITPOINT WARNING * * *
The gnoll hits you from afar with a +0 halberd!
You die...

+++#############
...............#
...≈≈≈≈≈h≈≈≈≈≈≈###
...≈≈≈≈≈≈≈≈≈≈≈≈≈≈≈
...≈≈≈≈≈≈≈≈≈≈≈≈≈≈≈
........g.........
..........@...>.##
..........#?#..##
..##.....<#.# .#
#........# #
#.....####
.......# #.<#.....
......### ......


You could see a gnoll and a jackal.

Vanquished Creatures
  An adder (D:2)
  A dart slug (D:2)
  3 orcs (D:2)
  2 endoplasms
  A giant cockroach (D:2)
  3 goblins
  3 hobgoblins
  6 jackals
  4 kobolds (D:1)
  2 quokkas (D:1)
  2 ball pythons
  3 bats
  A frilled lizard (D:2)
  A rat (D:2)
33 creatures vanquished.

Notes
Turn   | Place    | Note
-------+----------+-------------------------------------------
     0 | D:1      | Stomo the Draconian Monk began the quest for the Orb.
     0 | D:1      | Reached XP level 1. HP: 19/19 MP: 1/1
   301 | D:1      | Reached XP level 2. HP: 22/26 MP: 2/2
  1469 | D:2      | Reached XP level 3. HP: 33/33 MP: 3/3
  1884 | D:2      | Found a faded altar of an unknown god.
  1980 | D:2      | Reached skill level 4 in Fighting
  2752 | D:3      | Slain by a gnoll

Illustrated notes

Levels and vault maps discovered:
D:1:      minmay_arrival_split_and_join, layout_basic, minmay_pentomino_u4
D:2:      layout_loops_ring, hellmonk_ecumenical_altar_defaced_shrine
D:3:      lemuel_castle_with_subvaults [lemuel_castle_interior_carwin_1],
          layout_basic, nzn_wu_jian_council_hall, lemuel_doored_altar,
          mainiacjoe_overflow_surrounded_room, serial_curves, eino_curves_03,
          eino_curves_01, eino_curves_03, eino_curves_04, moated_statue,
          chequers_decorated_corner, uniq_sigmund

Skill      XL: |  1  2  3 |
---------------+----------+-----
Dodging        | 3 |  3.2
Fighting       | 4 |  4.0
Maces & Flails | |  3.6
Stealth        | |  1.7

Action                   || total
-------------------------++-------
Melee: Mace              ||   103
       Tailslap          ||    16
       Punch             ||     1
  Use: Scroll            ||     5
 Stab: Sleeping          ||     3
       Distracted        ||     1
Armor: Skin              ||    43
Dodge: Dodged            ||    92
